 Dungeon Sprint DCSS version 0.21-a0-314-gb3271ec (webtiles) character file.

6 potatolord6000 the Vexing (level 1, -2/17 HPs)
             Began as a Gnoll Arcane Marksman on Sept 29, 2017.
             Slain by a leopard gecko (4 damage)
             ... in the Dungeon (Sprint VII: "The Pits").
             The game lasted 00:00:14 (67 turns).

potatolord6000 the Vexing (Gnoll Arcane Marksman)     Turns: 67, Time: 00:00:15

Health: -2/17      AC:  2    Str: 12    XL:     1   Next: 90%
Magic:  4/4        EV: 14    Int: 15    God:
Gold:   0          SH:  0    Dex: 15    Spells: 4/5 levels left

rFire    . . .     SeeInvis .   (no weapon)
rCold    . . .     Gourm    .   (no shield)
rNeg     . . .     Faith    .   a - +0 robe
rPois    .         Spirit   .   (no helmet)
rElec    .         Reflect  .   (no cloak)
rCorr    .         Harm     .   (no gloves)
MR       .....     NoTele   +   (no boots)
Stlth    ++........             (no amulet)
HPRegen  0.05/turn              (no ring)
MPRegen  0.09/turn              (no ring)

@: no status effects
A: distributed training, fangs 1, strong nose
a: no special abilities


You were in the Dungeon.
You were not hungry.

You visited 1 branch

Inventory:

Missiles
 c - 5 javelins (quivered)
 d - 2 throwing nets
Armour
 a - a +0 robe (worn)
Scrolls
 k - a scroll of blinking
Potions
 e - a potion of curing
 g - a potion of heal wounds
 h - a potion of haste
 i - 2 potions of magic
 j - a potion of berserk rage
Books
 b - a book of Debilitation

   Spells                             Type                      Level
   a - Corona                         Hexes                        1
   b - Slow                           Hexes                        2
   c - Inner Flame                    Hexes/Fire                   3
   d - Portal Projectile              Hexes/Translocation          3
   e - Cause Fear                     Hexes                        4
   f - Leda's Liquefaction            Hexes/Earth                  4
Comestibles
 f - a bread ration


   Skills:
 + Level 2.8 Fighting
 + Level 0.0 Short Blades
 + Level 0.8 Long Blades
 + Level 1.3 Axes
 + Level 0.0 Maces & Flails
 + Level 1.3 Polearms
 + Level 0.8 Staves
 + Level 0.8 Slings
 + Level 1.3 Bows
 + Level 2.0 Crossbows
 + Level 4.7 Throwing
 + Level 0.0 Armour
 + Level 4.5 Dodging
 + Level 1.3 Stealth
   Level 0.0 Stabbing
 + Level 0.0 Shields
   Level 0.0 Traps
 + Level 0.8 Unarmed Combat
 + Level 2.8 Spellcasting
 + Level 0.8 Conjurations
 + Level 6.5 Hexes
 + Level 0.0 Charms
 + Level 0.0 Summonings
 + Level 1.3 Necromancy
 + Level 1.3 Translocations
 + Level 1.7 Transmutations
 + Level 0.8 Fire Magic
 + Level 0.8 Ice Magic
 + Level 1.3 Air Magic
 + Level 0.8 Earth Magic
 + Level 0.0 Poison Magic
 + Level 0.0 Invocations
 + Level 0.8 Evocations


You had 4 spell levels left.
You knew the following spells:

 Your Spells              Type           Power        Failure   Level  Hunger
a - Corona                Hex            ###....      1%          1    #......


Dungeon Overview and Level Annotations

Branches:
Dungeon (1/1)

Altars:


Innate Abilities, Weirdness & Mutations

Your experience applies equally to all skills.
You have very sharp teeth.
Your uncanny sense of smell can sniff out nearby items.


Message History

The rat is severely wounded.
The rat misses you.
You closely miss the rat.
The rat is severely wounded.
The rat bites you.
You hit the rat but do no damage.
The rat is severely wounded.
The rat completely misses you.
You hit the rat.
You kill the rat!
Your Polearms skill increases to level 1!
The leopard gecko bites you.
You hit the leopard gecko. Your bite misses the leopard gecko.
The leopard gecko is heavily wounded.
The leopard gecko bites you.
* * * LOW HITPOINT WARNING * * *
You closely miss the leopard gecko.
The leopard gecko is heavily wounded.
The leopard gecko bites you.
You die...

##########++
#+##........... ∆∆∆∆
∆∆∆+.##......#..#.
##########.##...........
#...........'...........
#+#####'#####......#..#.
#..#..##...........
+.@l..#####'#####++
####+###.......#
#.......# #.......#
#...<...# ∆∆∆∆∆
#.......# ∆∆∆∆∆
#.......# #.......#
#########


You could see a leopard gecko.

Vanquished Creatures
  An ooze (D)
  2 rats (D)
3 creatures vanquished.

Notes
Turn   | Place    | Note
-------+----------+-------------------------------------------
     0 | D        | potatolord6000 the Gnoll Arcane Marksman began the quest for the Orb.
     0 | D        | Reached XP level 1. HP: 17/17 MP: 4/4
    40 | D        | Reached skill level 1 in Axes
    40 | D        | Reached skill level 1 in Bows
    40 | D        | Reached skill level 1 in Stealth
    40 | D        | Reached skill level 1 in Necromancy
    40 | D        | Reached skill level 1 in Translocations
    40 | D        | Reached skill level 1 in Transmutations
    55 | D        | Reached skill level 1 in Air Magic
    65 | D        | Reached skill level 1 in Polearms
    67 | D        | Slain by a leopard gecko

Vault maps used:
D:        pitsprint

Skill      XL: |  1 |
---------------+----+-----
Axes           | 1 |  1.3
Bows           | 1 |  1.3
Crossbows      | 2 |  2.0
Stealth        | 1 |  1.3
Necromancy     | 1 |  1.3
Translocations | 1 |  1.3
Transmutations | 1 |  1.7
Air Magic      | 1 |  1.3
Polearms       | 1 |  1.3
Fighting       | |  2.8
Long Blades    | |  0.8
Staves         | |  0.8
Slings         | |  0.8
Throwing       | |  4.7
Dodging        | |  4.5
Unarmed Combat | |  0.8
Spellcasting   | |  2.8
Conjurations   | |  0.8
Hexes          | |  6.5
Fire Magic     | |  0.8
Ice Magic      | |  0.8
Earth Magic    | |  0.8
Evocations     | |  0.8

Action                   || total
-------------------------++-------
Melee: Unarmed           ||    31
       Bite              ||     2
 Stab: Sleeping          ||     1
Armor: Robe              ||     3
Dodge: Dodged            ||    16

Table legend:
 A = Spawn XP
 B = Non-spawn XP
 C = Spawn XP percentage of total XP
 D = Spawn monster count
 E = Non-spawn monster count
 F = Spawn count percentage of total count
 G = Total turns spent on level
                    A         B        C        D         E        F      G
               +---------+---------+-------+---------+---------+-------+---------
         Total |       0 |       9 |   0.0 |       0 |       3 |   0.0 |    67
               +---------+---------+-------+---------+---------+-------+---------
             D |       0 |       9 |   0.0 |       0 |       3 |   0.0 |    67
               +---------+---------+-------+---------+---------+-------+---------
